 Dungeon Crawl Stone Soup version 0.29-a0-721-g7f417c9bbb (webtiles) character file.

Game seed: 12779977927089842634

56 ytrimaz the Ducker (level 3, -7/28 HPs)
             Began as a Demonspawn Gladiator on June 28, 2022.
             Killed by divine providence
             ... invoked by an orc priest
              (15 damage)
             ... on level 2 of the Dungeon.
             The game lasted 00:02:22 (1523 turns).

ytrimaz the Ducker (Demonspawn Gladiator)           Turns: 1523, Time: 00:02:24

Health: -7/28      AC:  4    Str: 22    XL:     3   Next: 69%
Magic:  3/3        EV: 13    Int:  9    God:
Gold:   84         SH:  0    Dex: 14    Spells: 2/2 levels left

rFire   + . .      SeeInvis .   a - +0 rapier
rCold   . . .      Faith    .   (no shield)
rNeg    . . .      Spirit   .   b - +0 leather armour
rPois   .          Reflect  .   c - +0 helmet
rElec   .          Harm     .   (no cloak)
rCorr   .          Rampage  .   (no gloves)
Will    .....                   (no boots)
Stlth   +.........              (no amulet)
HPRegen 0.09/turn               h - ring of protection from fire
MPRegen 0.08/turn               j - +6 ring of strength

@: no status effects
A: weakness stinger 1
a: no special abilities


You were on level 2 of the Dungeon.
You visited 1 branch of the dungeon, and saw 2 of its levels.

You collected 84 gold pieces.

Inventory:

Hand Weapons
 a - a +0 rapier (weapon)
Missiles
 d - 3 throwing nets (quivered)
 e - a javelin
Armour
 b - a +0 leather armour (worn)
 c - a +0 helmet (worn)
Jewellery
 h - a ring of protection from fire (left hand)
 j - a +6 ring of strength (right hand)
 l - a ring of positive energy
Scrolls
 g - a scroll of blinking {unknown}
 i - a scroll of teleportation
 k - a scroll of brand weapon
 m - 2 scrolls of identify
 n - a scroll of silence {unknown}
Potions
 f - a potion of degeneration


   Skills:
 + Level 2.8 Fighting
 - Level 2.6 Short Blades
 - Level 1.7 Throwing
 + Level 0.7 Armour
 - Level 3.6 Dodging


You had 2 spell levels left.
You didn't know any spells.
Your spell library was empty.

Dungeon Overview and Level Annotations

Branches:
Dungeon (2/15)

Altars:


Innate Abilities, Weirdness & Mutations

You have a small tail.


Message History

a +0 trident; a +0 leather armour; a worm corpse
There is an escape hatch in the ceiling here.
A mysterious force pulls you upwards. The hatch slams shut behind you.
You start resting.
HP restored.
You start waiting.
Done waiting.
There is a stone staircase leading down here.
You climb downwards.
There is a stone staircase leading up here.
No target in view!
You see here a scroll labelled HIFATS WUQEET.
An orc priest is nearby!
An orc priest is nearby!
The orc priest hits you with a +0 whip.
You hit the orc priest.
The orc priest is moderately wounded.
The orc priest hits you with a +0 whip.
You hit the orc priest but do no damage.
The orc priest is moderately wounded.
The bat hits you but does no damage. The orc priest hits you with a +0 whip.
You closely miss the orc priest.
The orc priest is moderately wounded.
The bat closely misses you. The bat hits you but does no damage.
The orc priest calls down the wrath of Beogh upon you.
Pain shoots through your body!
You hit the orc priest.
The orc priest is severely wounded.
The bat hits you. The orc priest hits you with a +0 whip.
You barely miss the orc priest.
The orc priest is severely wounded.
The bat closely misses you. The orc priest hits you with a +0 whip.
* * * LOW HITPOINT WARNING * * *
You hit the orc priest but do no damage.
The orc priest is severely wounded.
The bat barely misses you.
The orc priest invokes the aid of Beogh against you.
Beogh smites you!
Ouch! That really hurt!
You die...

..$.....# #..........
....###.# #...........
... #.## #...........
..
###..####........... .
#..................#
#.?........#......##
#...b.............##
#.................##
#..@....PPP##P#...#
#...o..#.P...P....#
###....#......#.#.#
#....+.P[...P.#...
#.........P.P.##..
#.#.........P.# .#
########.#..#......P.#
.#
.........[....#.##P#.#
.#
.........#.b.........#


You could see an orc priest and a bat.

Vanquished Creatures
  2 adders (D:2)
  A worm (D:2)
  2 orcs (D:2)
  3 ball pythons (D:1)
  3 endoplasms (D:1)
  A giant cockroach (D:1)
  A goblin (D:1)
  3 hobgoblins
  4 jackals (D:1)
  2 quokkas
  A bat (D:1)
  3 kobolds
  5 rats (D:1)
31 creatures vanquished.

Vanquished Creatures (others)
  A plant (D:2)
1 creature vanquished.

Grand Total: 32 creatures vanquished

Notes
Turn   | Place    | Note
-------+----------+-------------------------------------------
     0 | D:1      | ytrimaz the Demonspawn Gladiator began the quest for the
                  | Orb.
     0 | D:1      | Reached XP level 1. HP: 16/16 MP: 1/1
    66 | D:1      | Reached skill level 3 in Dodging
   312 | D:1      | Gained mutation: You have a small tail. [demonic ancestry]
   312 | D:1      | Reached XP level 2. HP: 17/22 MP: 2/2
   960 | D:2      | Reached XP level 3. HP: 15/28 MP: 3/3
  1194 | D:2      | Identified the +3 scale mail of Impermeability {rElec Dex+3
                  | Slay-6}
  1523 | D:2      | Killed from afar by an orc priest

Illustrated notes

Levels and vault maps discovered:
D:1:      saegor_arrival_simple_e, layout_loops_ring, nrook_loot_triangle
D:2:      cheibrodos_old_hovel, layout_rooms

Skill      XL: |  1 |
---------------+----+-----
Dodging        | 3 |  3.6
Fighting       | |  2.8
Short Blades   | |  2.6
Throwing       | |  1.7
Armour         | |  0.7

Action                   || total
-------------------------++-------
Melee: Rapier            ||   102
       Tailslap          ||     6
  Use: Scroll            ||     5
       Potion            ||     2
Armor: Leather armour    ||    51
Dodge: Dodged            ||   109

Table legend: (Time is in decaauts)
 A = Elapsed time spent in this place.
 B = Non-inter-level travel time spent in this place.
 C = Inter-level travel time spent in this place.
 D = Time resting spent in this place.
 E = Time spent auto-exploring this place.
 F = Levels seen in this place.
 G = Mean time per level.
                   A        B        C        D        E       F      G
               +--------+--------+--------+--------+--------+-----+--------+
         Total |   1528 |   1499 |     29 |    252 |    917 |   2 |  764.0 |
       Dungeon |   1528 |   1499 |     29 |    252 |    917 |   2 |  764.0 |
               +--------+--------+--------+--------+--------+-----+--------+

Top non-repeatable levels by time:
     D:1: 1159 daAuts
     D:2: 369 daAuts
